 Dungeon Crawl Stone Soup version 0.20-a0-823-gdec668e (webtiles) character file.

291811 Gorglomux the Phalangite (level 20, -4/178 HPs)
             Began as a Merfolk Gladiator on Mar 5, 2017.
             Was the Champion of Okawaru.
             Slain by a deep troll (7 damage)
             ... led by an ironheart preserver
             ... on level 3 of the Vaults.
             The game lasted 02:03:24 (37383 turns).

Gorglomux the Phalangite (Merfolk Gladiator)       Turns: 37383, Time: 02:03:24

Health: -4/178     AC: 29    Str: 19 (20) XL:     20   Next: 78%
Magic:  33/33      EV: 38    Int: 13 (14) God:    Okawaru [******]
Gold:   1543       SH:  0    Dex: 33 (34) Spells: 32/38 levels left

rFire    . . .     SeeInvis .   k - +6 bardiche (vamp) {!w}
rCold    . . .     Gourm    .   A - +5 chain mail {MR+}
rNeg     . . .     Faith    +   (shield currently unavailable)
rPois    .         Spirit   .   x - +1 helmet "Onkik" {rElec MR+}
rElec    +         Reflect  .   E - +0 cloak of Ynotsi {rElec Regen+ Dex+4 Stlth-}
rCorr    .         Harm     .   Z - +3 pair of gauntlets of War {Slay+5}
MR       +++..     Clarity  +   X - +2 pair of boots {Fly}
Stlth    ..........             u - amulet of faith {Faith, !P}
Regen    0.8/turn               y - +6 ring of evasion
MPRegen  0.3/turn               O - ring of Kiolloky {*Contam Str+5 Int+4 Dex+9 Stlth-}

@: heroism, flying, drained
A: change form in water, swift swim, stealthy swim, blink, clarity,
deterioration 1, robust 1
}: 2/15 runes: serpentine, barnacled
a: Blink, Heroism, Finesse, Renounce Religion, Stop Flying


You were on level 3 of the Vaults.
You worshipped Okawaru.
Okawaru was exalted by your worship.
You were hungry.

You visited 6 branches of the dungeon, and saw 34 of its levels.
You also visited: Sewer and Ice Cave.

You collected 3651 gold pieces.
You spent 2108 gold pieces at shops.

Inventory:

Hand Weapons
 a - the +6 glaive of Jeakadgh {freeze, +Blink MR+, unknown}
   (Okawaru gifted it to you on level 1 of the Vaults)

   It has been specially enchanted to freeze those struck by it, causing extra
   injury to most foes and up to half again as much damage against particularly
   susceptible opponents.
   It can also slow down cold-blooded creatures.
   It affects your resistance to hostile enchantments.
   It lets you blink.
 k - a +6 vampiric bardiche (weapon) {!w}
   (Okawaru gifted it to you on level 2 of the Orcish Mines)
Missiles
 d - 8 throwing nets {=f, !d}
Armour
 h - a +2 helmet of see invisible
   (Okawaru gifted it to you on level 7 of the Dungeon)
 x - the +1 helmet "Onkik" (worn) {rElec MR+}
   (You found it on level 4 of the Shoals)

   It insulates you from electricity.
   It affects your resistance to hostile enchantments.
 A - a +5 chain mail of magic resistance (worn)
   (You bought it in a shop on level 1 of the Orcish Mines)
 E - the +0 cloak of Ynotsi (worn) {rElec Regen+ Dex+4 Stlth-}
   (You found it on level 8 of the Dungeon)

   It affects your dexterity (+4).
   It insulates you from electricity.
   It increases your rate of regeneration.
   It makes you less stealthy.
 X - a +2 pair of boots of flying (worn)
   (Okawaru gifted it to you in an ice cave)
 Z - the +3 pair of gauntlets of War (worn) {Slay+5}
   (Okawaru gifted it to you on level 1 of the Lair of Beasts)

   It affects your accuracy and damage with ranged weapons and melee attacks
   (+5).
Jewellery
 m - an uncursed ring of resist corrosion
   (You found it on level 1 of the Lair of Beasts)
 u - an amulet of faith (around neck) {Faith, !P}
   (You found it on level 4 of the Dungeon)
 y - a +6 ring of evasion (right hand)
   (You found it on level 2 of the Lair of Beasts)
 O - the ring of Kiolloky (left hand) {*Contam Str+5 Int+4 Dex+9 Stlth-}
   (You found it on level 3 of the Shoals)

   [ring of intelligence]

   It affects your strength (+5).
   It affects your intelligence (+4).
   It affects your dexterity (+9).
   It causes magical contamination when unequipped.
   It makes you less stealthy.
 Q - an uncursed ring of protection from fire {rF+, !d}
   (You found it on level 7 of the Dungeon)
Wands
 o - a wand of lightning (7/15)
   (You found it on level 3 of the Snake Pit)
 B - a wand of paralysis (14/24)
   (You found it on level 3 of the Lair of Beasts)
 F - a wand of digging (17/24)
   (You found it on level 5 of the Dungeon)
 L - a wand of iceblast (6/15)
   (You took it off a guardian mummy on level 15 of the Dungeon)
 M - a wand of acid (6/15)
   (You found it on level 4 of the Lair of Beasts)
Scrolls
 c - a scroll of identify
 e - 11 scrolls of remove curse
 i - 6 scrolls of magic mapping {!r}
 j - 3 scrolls of summoning
 l - 8 scrolls of fear
 n - 4 scrolls of fog
 p - 7 scrolls of immolation {!r}
 C - 21 scrolls of teleportation
 I - 7 scrolls of recharging
 J - 2 scrolls of blinking {!r}
Potions
 g - 9 potions of heal wounds
 v - 3 potions of resistance
 w - 3 potions of cancellation
 z - a potion of brilliance
 D - 15 potions of curing
 G - a potion of mutation {!q}
 N - 2 potions of ambrosia
 R - 3 potions of might
 S - 6 potions of haste
 W - 3 potions of agility
 Y - 2 potions of magic
Books
 H - a book of Minor Magic
   (You found it on level 3 of the Vaults)
Miscellaneous
 q - a fan of gales
   (You found it on level 3 of the Shoals)
 s - a phantom mirror
 T - a lightning rod (4/4)
   (You found it on level 10 of the Dungeon)
 U - a phial of floods
   (You found it on level 5 of the Lair of Beasts)
Comestibles
 b - 4 chunks of flesh {@w0@w0}
 f - 16 bread rations {@e1@e1}
 r - 12 royal jellies
 t - 16 meat rations {@e2@e2}


   Skills:
 - Level 15.3(20.0) Fighting
 - Level 23.5(26.6) Polearms
 - Level 2.0(6.7) Throwing
 + Level 7.8(12.5) Armour
 - Level 22.1(26.6) Dodging
 + Level 9.5(9.3) Spellcasting
 + Level 8.0(7.8) Hexes
 + Level 9.3(9.1) Charms
 + Level 6.8(6.5) Necromancy
 - Level 9.5(9.2) Invocations
 - Level 7.7(7.5) Evocations


You had 32 spell levels left.
You knew the following spells:

 Your Spells              Type           Power        Failure   Level  Hunger
r - Regeneration          Chrm/Necr      ####......   12%         3    ##.....
z - Spectral Weapon       Hex/Chrm       ####....     10%         3    ##.....


Dungeon Overview and Level Annotations

Branches:
Dungeon (15/15)            Temple (0/1) D:6            Lair (6/6) D:9
 Shoals (4/4) Lair:4        Snake (4/4) Lair:2        Slime (0/5) Lair:6
    Orc (2/2) D:12            Elf (0/3) Orc:2        Vaults (3/5) D:13
  Crypt (0/3) Vaults:2     Depths (0/5) D:15

Altars:
Ashenzari
Cheibriados
Dithmenos
Elyvilon
Fedhas
Gozag
Hepliaklqana
Kikubaaqudgha
Makhleb
Nemelex Xobeh
Okawaru
Qazlal
Ru
Sif Muna
Vehumet
Wu Jian
Xom
Yredelemnul
Zin

Shops:
D:8 *   D:10 [   D:11 *   D:14 %}   Orc:1 [   Orc:2 [(??   Shoals:1 %
Shoals:3 :   Shoals:4 *([(   Vaults:1 }   Vaults:2 %


Innate Abilities, Weirdness & Mutations

You revert to your normal form in water.
You are very nimble and swift while swimming.
You are very stealthy in the water. (Stealth+)
You can translocate small distances at will.
You possess an exceptional clarity of mind.
Your body sometimes deteriorates upon taking damage.
You are robust. (+10% HP)


Message History

The deep troll shaman closely misses you.
The deep troll shaman completely misses you.
The deep troll completely misses you. x3
The ironheart preserver casts a spell.
The ironheart preserver begins to accept its allies' injuries.
You slice the deep troll shaman!!
The deep troll completely misses you. x3
The deep troll shaman bites you but does no damage.
The deep troll shaman completely misses you.
The deep troll shaman claws you!
You take 13 damage, and have 69/178 hp.
You barely miss the deep troll shaman.
The ironheart preserver closely misses you.
The deep troll completely misses you. The deep troll misses you.
The deep troll claws you.
You take 2 damage, and have 67/178 hp.
You hit the deep troll shaman.
You feel better.
The deep troll shaman mumbles some strange prayers to its god.
The deep troll shaman is healed somewhat.
The deep troll misses you. The deep troll claws you!
The deep troll completely misses you.
You take 7 damage, and have 60/178 hp.
You barely miss the deep troll shaman.
The ironheart preserver hits you with a mace!
* * * LOW HITPOINT WARNING * * *
The deep troll misses you. The deep troll completely misses you.
The deep troll claws you but does no damage.
The deep troll shaman bites you!!
* * * LOW HITPOINT WARNING * * *
Your body deteriorates!
You feel dopey.
The deep troll shaman barely misses you.
The deep troll shaman claws you but does no damage.
You take 32 damage, and have 28/178 hp.
Here: a deep troll shaman (heavily wounded, unusually strong, sheltered from injuries)
The floor, spattered with blood.
You slash the deep troll shaman!
The deep troll completely misses you. x2
The deep troll misses you.
The ironheart preserver completely misses you.
Here: a deep troll shaman (severely wounded, unusually strong, sheltered from injuries)
The floor, spattered with blood.
Okay, then.
You feel much better.
The deep troll shaman barely misses you.
The deep troll shaman completely misses you. x2
The deep troll completely misses you. x2; The deep troll claws you!!
* * * LOW HITPOINT WARNING * * *
You regained 4 hp, and now have 33/178 hp.
You feel much better.
The deep troll bites you but does no damage.
The deep troll completely misses you. The deep troll misses you.
The deep troll shaman mumbles some strange prayers to its god.
The deep troll shaman is healed somewhat.
The ironheart preserver completely misses you.
The deep troll closely misses you. The deep troll completely misses you.
The deep troll misses you.
You regained 20 hp, and now have 53/178 hp.
You barely miss the deep troll shaman.
The deep troll shaman completely misses you.
The deep troll shaman misses you.
The deep troll shaman completely misses you.
The deep troll closely misses you. The deep troll barely misses you.
The deep troll closely misses you.
The ironheart preserver mumbles some strange words.
The ironheart preserver is healed somewhat.
You slice the deep troll shaman!! The deep troll completely misses you.
The deep troll misses you. The deep troll completely misses you.
The deep troll shaman mumbles some strange prayers to its god.
The deep troll shaman is healed somewhat.
The ironheart preserver completely misses you.
You slice the deep troll shaman!!
You kill the deep troll shaman!
Okawaru accepts your kill.
You feel your intelligence returning.
Your base Hexes skill increases to level 8!
The deep troll bites you!!
* * * LOW HITPOINT WARNING * * *
The deep troll misses you.
The deep troll claws you but does no damage.
You take 17 damage, and have 37/178 hp.
You slice the ironheart preserver!!
You feel better. The deep troll completely misses you.
The deep troll closely misses you. The deep troll completely misses you.
The ironheart preserver completely misses you.
You slice the ironheart preserver!!
You feel better. The deep troll bites you!
* * * LOW HITPOINT WARNING * * *
The deep troll claws you!
* * * LOW HITPOINT WARNING * * *
The deep troll misses you.
You take 5 damage, and have 33/178 hp.
You slash the ironheart preserver!
You feel better.
You kill the ironheart preserver!
Okawaru accepts your kill. The deep troll bites you!!
* * * LOW HITPOINT WARNING * * *
Your body deteriorates!
You feel clumsy. The deep troll claws you.
* * * LOW HITPOINT WARNING * * *
The deep troll claws you!
You die...

#......#......#
#+######......#
#.............#
##............#
#............#
#............#
#............#
#............#
#...T@.....?.#
.......†).......#
................
................
................
######..........
#..........
#..........


You could see a deep troll.

Vanquished Creatures
  Mara (Shoals:3)
  Nikola (Vaults:1)
  Rupert (D:13)
  A tentacled monstrosity (Vaults:1)
  The ghost of Malvoorn the Acrobat, an adept MfSk of Ashenzari (Snake:4)
  Polyphemus (Shoals:4)
  Frances (D:14)
  3 krakens
  Kirke (D:13)
  6 nagarajas
  A deep elf sorcerer (Vaults:2)
  A frost giant (IceCv)
  3 vault wardens
  Ilsuiw (Shoals:4)
  6 ironheart preservers
  2 deep elf demonologists (Vaults:2)
  An entropy weaver (Vaults:2)
  5 dire elephants (Lair:6)
  Azrael (D:12)
  10 merfolk javelineers
  An ettin (Vaults:1)
  Snorg (D:14)
  2 deep elf death magi
  A great orb of eyes (Vaults:1)
  7 merfolk impalers
  15 naga warriors
  The ghost of mkm the Cleaver, a journeyman MiBe of Trog (Orc:2)
  2 yaktaur captains (Vaults:1)
  2 rakshasas (Vaults:1)
  5 hydras
  3 ice dragons
  4 vault guards (D:13)
  13 anacondas
  The ghost of sergedm the Eclecticist, a journeyman DECj of Vehumet (D:14)
  4 centaur warriors
  23 two-headed ogres
  2 merfolk avatars
  2 catoblepae
  A death knight (D:13)
  3 alligator snapping turtles (Shoals:4)
  4 satyrs
  The ghost of Gorglomux the Spear-Bearer, a novice MfGl of Uskayaw (D:7)
  5 merfolk aquamancers
  5 death yaks
  4 ogre magi
  3 deep troll shamans
  4 orc high priests (Orc:2)
  Urug (D:13)
  9 naga sharpshooters
  8 shock serpents
  The ghost of nikopol the Cleaver, a novice MiBe of Trog (D:8)
  4 deep elf knights
  A golden dragon zombie (D:15)
  5 unseen horrors
  14 sea snakes
  3 salamander mystics (Snake:4)
  A wizard (Vaults:2)
  7 naga ritualists
  25 skeletal warriors
  A flayed ghost (D:15)
  Pikel (D:6)
  A glowing orange brain (shapeshifter) (D:15)
  5 deep trolls
  An unseen horror (shapeshifter) (D:15)
  6 deep elf archers (Vaults:2)
  4 ironbrand convokers
  5 orc knights
  9 deep elf magi
  A necromancer (D:15)
  18 harpies
  13 ugly things
  3 salamanders
  5 oklob plants
  6 mana vipers
  2 orc sorcerers (Orc:2)
  7 elephants
  21 manticores
  6 fauns
  4 cyclopes
  4 vault sentinels
  Maurice (D:8)
  An ice statue (IceCv)
  9 merfolk sirens
  33 black mambas
  13 water nymphs
  A gargoyle (D:15)
  A stone giant skeleton (D:15)
  4 centaur zombies
  5 torpor snails (Lair:1)
  7 guardian serpents
  17 naga magi
  10 spiny frogs
  A spriggan zombie (D:15)
  A kobold demonologist (D:14)
  2 rime drakes
  3 komodo dragons
  11 yaktaurs
  25 merfolk
  A guardian mummy (D:15)
  7 trolls
  7 wind drakes
  A troll (shapeshifter) (Vaults:1)
  17 polar bears
  11 blink frogs
  Prince Ribbit (D:5)
  8 dream sheep
  A fire dragon zombie (D:15)
  11 slime creatures
  Grinder (D:3)
  7 hippogriffs
  A meliai zombie (D:11)
  11 snapping turtles
  9 water elementals
  2 wraiths
  A shadow (D:12)
  Sigmund (D:3)
  5 hogs
  8 wyverns
  A basilisk (D:15)
  A human (D:7)
  A redback (Vaults:2)
  3 fire elementals (D:12)
  42 yaks
  2 chaos spawn (D:9)
  A human (shapeshifter) (Vaults:1)
  Grum (D:9)
  A basilisk (shapeshifter) (Vaults:1)
  4 vampire mosquitoes (D:15)
  4 hungry ghosts
  8 wargs
  54 nagas
  A soldier ant (D:15)
  A two-headed ogre zombie (D:12)
  3 hell hounds (D:12)
  An acid dragon (D:12)
  7 porcupines
  9 water moccasins
  An ice beast (D:6)
  18 ogres
  29 orc warriors
  5 sky beasts
  Purgy (Sewer)
  3 phantoms
  2 black bears
  3 eyes of draining
  22 wolves
  6 boggarts
  11 centaurs
  4 big kobolds
  13 crocodiles
  22 bullfrogs
  6 scorpions
  A troll zombie (D:12)
  19 wights
  8 howler monkeys
  7 crimson imps
  2 bullfrog zombies
  2 quasits
  5 centaur skeletons
  6 jellies
  6 hounds
  Crazy Yiuf (D:5)
  3 iguanas
  34 orc priests
  A bullfrog skeleton (D:5)
  41 orc wizards
  5 hell rats (Lair:6)
  15 worker ants
  6 ogre zombies (D:12)
  A hound skeleton (D:5)
  Robin (D:3)
  17 adders
  8 gnolls
  3 shadow imps
  12 white imps (Lair:4)
  2 worms
  3 dart slugs
  6 leopard geckos
  114 orcs
  6 ball pythons
  6 bats
  9 giant cockroaches
  19 goblins
  10 hobgoblins
  9 jackals
  6 quokkas
  13 frilled lizards
  A goblin skeleton (D:12)
  2 goblin zombies (D:12)
  2 hobgoblin zombies (D:12)
  24 kobolds
  A leopard gecko skeleton (D:5)
  An orc skeleton (D:12)
  19 orc zombies (D:12)
  8 rats
  5 plants
  5 tentacles
1391 creatures vanquished.

Vanquished Creatures (collateral kills)
  A manticore (Shoals:3)
  A water nymph (Shoals:3)
2 creatures vanquished.

Vanquished Creatures (others)
  3 polar bears (IceCv)
  3 humans (D:13)
  A hungry ghost (D:13)
  An ogre (D:13)
  A bullfrog zombie (D:13)
  A centaur skeleton (D:6)
  An iguana (D:6)
  3 adders (D:6)
  2 fungi
  7 plants
  6 spectral weapons
  15 tentacles
  A withered plant (D:15)
45 creatures vanquished.

Grand Total: 1438 creatures vanquished

Notes
Turn   | Place    | Note
-------+----------+-------------------------------------------
     0 | D:1      | Gorglomux the Merfolk Gladiator began the quest for the Orb.
     0 | D:1      | Reached XP level 1. HP: 16/16 MP: 1/1
    44 | D:1      | Reached skill level 5 in Polearms
    58 | D:1      | Reached XP level 2. HP: 22/22 MP: 2/2
   218 | D:1      | Reached XP level 3. HP: 15/27 MP: 3/3
   425 | D:1      | Reached skill level 6 in Polearms
   685 | D:2      | HP: 6/27 [poisoned by an adder]
   686 | D:2      | Reached XP level 4. HP: 7/33 MP: 4/4
   690 | D:2      | HP: 6/33 [poisoned by an adder]
   698 | D:2      | HP: 5/33 [poisoned by an adder]
  1047 | D:2      | Reached skill level 7 in Polearms
  1190 | D:2      | Found a sacrificial altar of Ru.
  1213 | D:2      | Became a worshipper of Ru the Awakened
  1369 | D:2      | Fell from the grace of Ru
  1828 | D:2      | Reached skill level 8 in Polearms
  1828 | D:2      | Reached XP level 5. HP: 34/38 MP: 5/5
  1960 | D:2      | Gained mutation: You can translocate small distances at will. [potion of mutation]
  1960 | D:2      | Gained mutation: Your body sometimes deteriorates upon taking damage. [potion of mutation]
  1960 | D:2      | Gained mutation: You possess an exceptional clarity of mind. [potion of mutation]
  1960 | D:2      | Gained mutation: You are robust. (+10% HP) [potion of mutation]
  2003 | D:3      | Noticed Sigmund
  2202 | D:3      | Noticed Grinder
  2261 | D:4      | Found an iron altar of Okawaru.
  2282 | D:4      | Became a worshipper of Warmaster Okawaru
  2312 | D:4      | Reached skill level 9 in Polearms
  2322 | D:4      | Reached XP level 6. HP: 30/48 MP: 6/6
  2641 | D:4      | Noticed a phantom
  2674 | D:4      | Killed a phantom
  2674 | D:4      | Reached skill level 10 in Polearms
  2921 | D:4      | Found a shadowy altar of Dithmenos.
  2937 | D:4      | Reached * piety under Okawaru
  3085 | D:3      | Noticed Robin
  3107 | D:3      | Killed Robin
  3124 | D:3      | Killed Sigmund
  3124 | D:3      | Reached skill level 11 in Polearms
  3124 | D:3      | Reached XP level 7. HP: 26/55 MP: 4/7
  3648 | D:3      | Found a deep blue altar of Sif Muna.
  3720 | D:3      | Reached ** piety under Okawaru
  4208 | D:3      | Killed Grinder
  4208 | D:3      | Reached skill level 12 in Polearms
  4280 | D:5      | Entered Level 5 of the Dungeon
  4432 | D:5      | Reached XP level 8. HP: 40/61 MP: 8/8
  4471 | D:5      | HP: 13/61 [something (6)]
  4485 | D:5      | Reached skill level 13 in Polearms
  4791 | D:5      | HP: 15/61 [hound skeleton (1)]
  5013 | D:5      | Found a glowing drain.
  5017 | Sewer    | Entered a sewer
  5052 | Sewer    | Noticed Purgy
  5074 | Sewer    | Killed Purgy
  5074 | Sewer    | Reached skill level 14 in Polearms
  5407 | D:5      | Reached *** piety under Okawaru
  5574 | D:5      | Noticed Prince Ribbit
  5579 | D:5      | Found a runed door.
  5579 | D:5      | Noticed Crazy Yiuf
  5581 | D:5      | Killed Crazy Yiuf
  5643 | D:5      | Killed Prince Ribbit
  5663 | D:5      | Reached skill level 15 in Polearms
  5740 | D:5      | Found a white marble altar of Elyvilon.
  5788 | D:6      | Reached XP level 9. HP: 64/67 MP: 6/9
  5896 | D:5      | Reached **** piety under Okawaru
  5915 | D:5      | Reached skill level 16 in Polearms
  6001 | D:6      | Found a staircase to the Ecumenical Temple.
  6064 | D:6      | Found a stormy altar of Qazlal.
  6087 | D:6      | Got an ancient lajatang
  6088 | D:6      | Identified the +6 lajatang of the Morning {slice, rC+++ Str-5 Dex+3} (You found it on level 6 of the Dungeon)
  6099 | D:6      | Noticed Pikel
  6109 | D:6      | Killed Pikel
  6109 | D:6      | Reached skill level 17 in Polearms
  6366 | D:6      | Reached ***** piety under Okawaru
  6796 | D:7      | Noticed Gorglomux's ghost (novice MfGl)
  6863 | D:7      | HP: 16/67 [Gorglomux's ghost (18)]
  6884 | D:7      | Found a shadowy altar of Dithmenos.
  6884 | D:7      | Noticed an oklob plant
  6884 | D:7      | HP: 8/67 [acid (13)]
  6890 | D:7      | HP: 24/100 [Gorglomux's ghost (15)]
  6901 | D:7      | HP: 9/100 [Gorglomux's ghost (3)]
  6902 | D:7      | Killed Gorglomux's ghost
  6902 | D:7      | Received a gift from Okawaru
  6902 | D:7      | Reached skill level 18 in Polearms
  6902 | D:7      | Reached XP level 10. HP: 10/73 MP: 2/10
  7078 | D:7      | Found a shadowy altar of Dithmenos.
  7085 | D:7      | Killed an oklob plant
  7085 | D:7      | Reached skill level 19 in Polearms
  7151 | D:7      | Received a gift from Okawaru
  7288 | D:7      | Found a shimmering altar of Xom.
  7290 | D:7      | Found a glowing silver altar of Zin.
  7290 | D:7      | Found a sparkling altar of Nemelex Xobeh.
  7292 | D:7      | Found an opulent altar of Gozag.
  7292 | D:7      | Found a white marble altar of Elyvilon.
  7292 | D:7      | Found a shattered altar of Ashenzari.
  7375 | D:7      | Found a burning altar of Makhleb.
  7377 | D:7      | Found a glowing silver altar of Zin.
  7377 | D:7      | Noticed an Executioner
  7377 | D:7      | Noticed an angel
  7476 | D:7      | Reached skill level 20 in Polearms
  7869 | D:8      | Noticed Maurice
  7916 | D:8      | Killed Maurice
  7960 | D:8      | Noticed nikopol's ghost (novice MiBe)
  7981 | D:8      | Killed nikopol's ghost
  7981 | D:8      | Reached skill level 21 in Polearms
  7981 | D:8      | Reached XP level 11. HP: 50/79 MP: 9/11
  8048 | D:8      | Got a shimmering cloak
  8069 | D:8      | Identified the cursed +0 cloak of Ynotsi {rElec Regen+ Dex+4 Stlth-} (You found it on level 8 of the Dungeon)
  8104 | D:8      | Noticed a two-headed ogre
  8129 | D:8      | Killed a two-headed ogre
  8212 | D:8      | Found a radiant altar of Vehumet.
  8496 | D:8      | Found a sacrificial altar of Ru.
  8645 | D:8      | Received a gift from Okawaru
  8648 | D:8      | Got a transparent bardiche {god gift}
  8649 | D:8      | Identified the +4 bardiche "Wixifaem" {drain, rElec rC- Int+2} (Okawaru gifted it to you on level 8 of the Dungeon)
  8663 | D:8      | Found a blossoming altar of Fedhas.
  8727 | D:8      | Found Atwejixo's Assorted Antiques.
  8732 | D:8      | Bought a potion of curing for 96 gold pieces
  8732 | D:8      | Bought a potion of curing for 96 gold pieces
  8732 | D:8      | Bought a potion of heal wounds for 160 gold pieces
  8904 | D:9      | Found a staircase to the Lair.
  9001 | D:9      | Found an ornate altar of the Wu Jian Council.
  9232 | D:9      | Reached skill level 22 in Polearms
  9438 | D:9      | Noticed a two-headed ogre
  9444 | D:9      | Killed a two-headed ogre
  9550 | D:9      | Noticed Grum
  9579 | D:9      | Killed Grum
  9609 | D:9      | Found a shimmering altar of Xom.
  9610 | D:9      | Gorglomux: ??variability
  9610 | D:9      | beem: mace of variability[1/1]: A great mace with the chaos brand. While wielded, its plus has a 40% chance per turn to shift either +1 or -1. If this would make the plus go under -4 or over +16, it's ignored (causing it to often linger near the extremes). Also, uncurses itself every turn!
  9945 | D:10     | Entered Level 10 of the Dungeon
 10026 | D:10     | Reached ****** piety under Okawaru
 10094 | D:10     | Found Pikatz's Armour Shop.
 11096 | Lair:1   | Entered Level 1 of the Lair of Beasts
 11096 | Lair:1   | Noticed an oklob plant
 11101 | Lair:1   | Reached skill level 23 in Polearms
 11110 | D:9      | Received a gift from Okawaru
 11233 | Lair:1   | Reached XP level 12. HP: 71/85 MP: 9/12
 11260 | Lair:1   | HP: 19/85 [acid (12)]
 11463 | Lair:1   | Reached skill level 1 in Invocations
 11470 | Lair:1   | Reached skill level 3 in Fighting
 11478 | Lair:1   | Received a gift from Okawaru
 11625 | Lair:1   | Reached skill level 5 in Dodging
 11625 | Lair:1   | Reached skill level 2 in Invocations
 11659 | Lair:1   | Found a snail-covered altar of Cheibriados.
 11688 | Lair:1   | Reached skill level 4 in Fighting
 11713 | Lair:1   | Reached skill level 3 in Invocations
 11868 | Lair:1   | Reached skill level 6 in Dodging
 12134 | Lair:2   | Found a hazy altar of Hepliaklqana.
 12164 | Lair:2   | Noticed a five-headed hydra
 12254 | Lair:1   | Gorglomux: ??lajatang
 12254 | Lair:1   | beem: lajatang[1/2]: (staves; -3 acc / 16 dam / 1.4 base delay / 0.7 min delay; two handed). A very rare and extremely effective imported weapon, featuring a pole with half-moon blades at both ends. Lajatangs chop hydra heads.
 12332 | Lair:2   | Killed a five-headed hydra
 12388 | Lair:2   | Found a staircase to the Snake Pit.
 12394 | Lair:2   | Reached skill level 4 in Invocations
 12503 | Lair:2   | Reached skill level 5 in Fighting
 12638 | Lair:2   | Noticed an ice dragon
 12649 | Lair:2   | Killed an ice dragon
 12649 | Lair:2   | Reached skill level 7 in Dodging
 13131 | Lair:3   | Reached skill level 5 in Invocations
 13191 | Lair:3   | Received a gift from Okawaru
 13191 | Lair:3   | Reached skill level 6 in Fighting
 13198 | Lair:3   | Reached skill level 8 in Dodging
 13200 | Lair:3   | Got a shimmering bardiche {god gift}
 13201 | Lair:3   | Identified the +4 bardiche of Eternal Harmony {venom, rN+} (Okawaru gifted it to you on level 3 of the Lair of Beasts)
 13607 | Lair:3   | Reached skill level 6 in Invocations
 13764 | Lair:4   | Reached XP level 13. HP: 104/104 MP: 17/17
 13783 | Lair:4   | Found a frozen archway.
 13800 | Lair:4   | Reached skill level 7 in Fighting
 13814 | IceCv    | Entered an ice cave
 13825 | IceCv    | Reached skill level 9 in Dodging
 13989 | IceCv    | Got a shimmering glaive
 13990 | IceCv    | Identified the +5 glaive of Luxury {venom, rPois rC+ Dex+2} (You found it in an ice cave)
 13991 | IceCv    | Gorglomux: ??glaive
 13991 | IceCv    | beem: glaive[1/1]: (polearms; -3 acc / 15 dam / 1.7 base delay / 0.7 min delay; two handed). A pole with a large, heavy blade on one end. Glaives chop hydra heads.
 14021 | IceCv    | Received a gift from Okawaru
 14082 | IceCv    | Reached skill level 7 in Invocations
 14125 | IceCv    | Reached skill level 8 in Fighting
 14153 | IceCv    | Reached skill level 10 in Dodging
 14608 | IceCv    | Noticed a frost giant
 14625 | IceCv    | Reached skill level 8 in Invocations
 14631 | IceCv    | Killed a frost giant
 14645 | IceCv    | Identified the Grimoire of the Glacier
 14727 | Lair:4   | Received a gift from Okawaru
 14727 | Lair:4   | Reached skill level 9 in Fighting
 14730 | Lair:4   | Got a dazzling glaive {god gift}
 14731 | Lair:4   | Identified the +10 glaive of Wagedeenn {protect, *Drain MR+ Dex+3} (Okawaru gifted it to you on level 4 of the Lair of Beasts)
 14864 | Lair:4   | Reached skill level 11 in Dodging
 14875 | Lair:4   | Found a staircase to the Shoals.
 15558 | Shoals:1 | Entered Level 1 of the Shoals
 15558 | Shoals:1 | Found Xiwniddau's Food Shoppe.
 15558 | Shoals:1 | Noticed a merfolk impaler
 15563 | Shoals:1 | Killed a merfolk impaler
 15563 | Shoals:1 | Reached skill level 9 in Invocations
 15577 | Shoals:1 | Received a gift from Okawaru
 15824 | Lair:5   | Reached XP level 14. HP: 118/118 MP: 20/20
 15941 | Lair:5   | Reached skill level 1 in Armour
 16516 | Lair:6   | Entered Level 6 of the Lair of Beasts
 16629 | Lair:6   | Found a staircase to the Slime Pits.
 16653 | Lair:6   | Reached skill level 10 in Fighting
 16653 | Lair:6   | Reached skill level 1 in Evocations
 16873 | Lair:6   | Reached skill level 2 in Armour
 16873 | Lair:6   | Reached skill level 12 in Dodging
 17180 | Lair:6   | Reached skill level 2 in Evocations
 17612 | Lair:6   | Noticed a dire elephant
 17612 | Lair:6   | Noticed a dire elephant
 17635 | Lair:6   | Killed a dire elephant
 17640 | Lair:6   | Killed a dire elephant
 17640 | Lair:6   | Received a gift from Okawaru
 17661 | Lair:6   | Reached skill level 3 in Evocations
 17672 | Lair:6   | Got a fine hat {god gift}
 17685 | Lair:6   | Identified the +0 hat "Jezar" {rF+ rN+ Str-3 Stlth+} (Okawaru gifted it to you on level 6 of the Lair of Beasts)
 17847 | Lair:6   | Noticed a dire elephant
 17856 | Lair:6   | Killed a dire elephant
 18012 | Lair:6   | Noticed a dire elephant
 18012 | Lair:6   | Noticed a dire elephant
 18022 | Lair:6   | Killed a dire elephant
 18022 | Lair:6   | Reached skill level 3 in Armour
 18031 | Lair:6   | Killed a dire elephant
 18483 | Lair:1   | Reached skill level 4 in Evocations
 18617 | D:11     | Found Tuifod's Elemental Accessories.
 18963 | D:11     | Reached skill level 11 in Fighting
 18963 | D:11     | Reached skill level 13 in Dodging
 19226 | D:12     | Found a staircase to the Orcish Mines.
 19228 | D:12     | Reached skill level 4 in Armour
 19466 | D:12     | Found a burning altar of Makhleb.
 19476 | D:12     | Noticed Azrael
 19490 | D:12     | Reached XP level 15. HP: 128/130 MP: 14/22
 19505 | D:12     | Killed Azrael
 19505 | D:12     | Reached skill level 5 in Evocations
 19737 | D:13     | Noticed Kirke
 19751 | D:13     | Killed Kirke
 19797 | D:13     | Received a gift from Okawaru
 19803 | D:13     | HP: 32/130 [very large slime creature (45)]
 19813 | D:13     | HP: 17/130 [very large slime creature (23)]
 19832 | D:13     | HP: 22/130 [vault guard/halberd (4)]
 20046 | D:13     | Reached skill level 5 in Armour
 20090 | D:13     | Found a gate to the Vaults.
 20091 | D:13     | Noticed Rupert
 20112 | D:13     | Killed Rupert
 20112 | D:13     | Reached skill level 6 in Evocations
 20129 | D:13     | Reached skill level 12 in Fighting
 20129 | D:13     | Reached skill level 14 in Dodging
 20524 | D:13     | Received a gift from Okawaru
 20641 | D:13     | Noticed Urug
 20652 | D:13     | Killed Urug
 21034 | D:14     | Found Qaugut's Food Shoppe.
 21036 | D:14     | Found a deep blue altar of Sif Muna.
 21054 | D:14     | Noticed Snorg
 21064 | D:14     | Killed Snorg
 21083 | D:14     | Reached skill level 7 in Evocations
 21150 | D:14     | Noticed Frances
 21175 | D:14     | Killed Frances
 21201 | D:14     | Noticed sergedm's ghost (journeyman DECj)
 21218 | D:14     | Killed sergedm's ghost
 21360 | D:14     | Found a sparkling altar of Nemelex Xobeh.
 21372 | D:14     | Found Hiudomar's Gadget Boutique.
 21436 | D:14     | Reached XP level 16. HP: 136/141 MP: 23/23
 21439 | D:14     | Reached skill level 15 in Dodging
 21559 | D:14     | Identified Rahyduch's Early Guide to Wizardry
 21683 | D:15     | Entered Level 15 of the Dungeon
 21785 | D:15     | HP: 19/141 [skeletal warrior/halberd of venom[a skeletal warrior] (19)]
 21915 | D:15     | Found a labyrinth entrance.
 22129 | D:15     | Received a gift from Okawaru
 22129 | D:15     | Reached skill level 16 in Dodging
 22677 | D:15     | Reached skill level 17 in Dodging
 22678 | D:15     | Found a staircase to the Depths.
 23439 | Orc:1    | Entered Level 1 of the Orcish Mines
 23884 | Orc:2    | Entered Level 2 of the Orcish Mines
 23912 | Orc:2    | Reached skill level 18 in Dodging
 24093 | Orc:2    | Found Olufeb's Magic Scroll Shoppe.
 24093 | Orc:2    | Found Daeshurch's Magic Scroll Shoppe.
 24093 | Orc:2    | Found Epsukimo's Weapon Emporium.
 24101 | Orc:2    | Received a gift from Okawaru
 24203 | Orc:2    | Found Gylalemas's Antique Armour Emporium.
 24222 | Orc:2    | Bought a scroll of magic mapping for 52 gold pieces
 24222 | Orc:2    | Bought a scroll of immolation for 52 gold pieces
 24222 | Orc:2    | Bought 3 scrolls of teleportation for 135 gold pieces
 24222 | Orc:2    | Bought a scroll of identify for 30 gold pieces
 24222 | Orc:2    | Bought a scroll of identify for 30 gold pieces
 24222 | Orc:2    | Bought a scroll of teleportation for 45 gold pieces
 24222 | Orc:2    | Bought a scroll of teleportation for 45 gold pieces
 24226 | Orc:2    | Bought a scroll of enchant armour for 75 gold pieces
 24226 | Orc:2    | Bought a scroll of recharging for 95 gold pieces
 24245 | Orc:2    | Noticed mkm's ghost (journeyman MiBe)
 24261 | Orc:2    | Killed mkm's ghost
 24319 | Orc:2    | Found a staircase to the Elven Halls.
 24873 | Orc:1    | Found Qoedd's Armour Boutique.
 24882 | Orc:1    | Bought a +3 chain mail of magic resistance for 371 gold pieces
 25099 | Snake:1  | Entered Level 1 of the Snake Pit
 25130 | Snake:1  | Reached skill level 19 in Dodging
 25226 | Snake:1  | Got a scorched ring mail
 25482 | Snake:1  | Received a gift from Okawaru
 25759 | Snake:1  | Reached XP level 17. HP: 137/148 MP: 16/24
 26010 | Snake:2  | Reached skill level 20 in Dodging
 27221 | Snake:2  | Identified the +0 ring mail of Rewo {rCorr Str+3 Stlth+} (You found it on level 1 of the Snake Pit)
 27301 | Snake:3  | Reached skill level 21 in Dodging
 27874 | Snake:3  | Received a gift from Okawaru
 28167 | Snake:4  | Entered Level 4 of the Snake Pit
 28305 | Snake:4  | Noticed Malvoorn's ghost (adept MfSk)
 28336 | Snake:4  | Killed Malvoorn's ghost
 28530 | Snake:4  | Received a gift from Okawaru
 28540 | Snake:4  | Reached skill level 22 in Dodging
 28587 | Snake:4  | Reached skill level 1 in Spellcasting
 28614 | Snake:4  | Reached skill level 13 in Fighting
 28659 | Snake:4  | Reached skill level 2 in Spellcasting
 28716 | Snake:4  | Reached skill level 3 in Spellcasting
 28738 | Snake:4  | Reached XP level 18. HP: 156/158 MP: 25/25
 28795 | Snake:4  | Reached skill level 4 in Spellcasting
 28829 | Snake:4  | Received a gift from Okawaru
 28842 | Snake:4  | Reached skill level 14 in Fighting
 28850 | Snake:4  | Reached skill level 5 in Spellcasting
 28863 | Snake:4  | Got an ancient shield {god gift}
 29046 | Snake:4  | Got a serpentine rune of Zot
 29815 | Shoals:1 | Reached skill level 6 in Spellcasting
 30535 | Lair:1   | Learned a level 3 spell: Regeneration
 30539 | Lair:1   | Learned a level 3 spell: Spectral Weapon
 30722 | Shoals:2 | Received a gift from Okawaru
 30824 | Shoals:2 | Reached skill level 7 in Spellcasting
 30829 | Shoals:2 | Reached skill level 15 in Fighting
 31684 | Shoals:3 | Found Gotutteu's Book Boutique.
 31726 | Shoals:3 | Reached skill level 1 in Hexes
 31726 | Shoals:3 | Reached skill level 1 in Charms
 31729 | Shoals:3 | Reached skill level 1 in Necromancy
 31735 | Shoals:3 | Received a gift from Okawaru
 31816 | Shoals:3 | Reached skill level 2 in Charms
 31933 | Shoals:3 | Reached skill level 8 in Spellcasting
 32004 | Shoals:3 | Reached skill level 2 in Hexes
 32004 | Shoals:3 | Reached skill level 3 in Charms
 32017 | Shoals:3 | Got a faintly glowing copper ring
 32019 | Shoals:3 | Identified the ring of Kiolloky {*Contam Str+5 Int+4 Dex+9 Stlth-} (You found it on level 3 of the Shoals)
 32062 | Shoals:3 | Reached XP level 19. HP: 170/170 MP: 31/31
 32116 | Shoals:3 | Noticed Mara
 32129 | Shoals:3 | Killed Mara
 32129 | Shoals:3 | Received a gift from Okawaru
 32129 | Shoals:3 | Reached skill level 3 in Hexes
 32129 | Shoals:3 | Reached skill level 2 in Necromancy
 32138 | Shoals:3 | Got a slimy trident {god gift}
 32403 | Shoals:3 | Reached skill level 4 in Charms
 32650 | Shoals:4 | Entered Level 4 of the Shoals
 32670 | Shoals:4 | Found Zipiu's Antique Armour Emporium.
 32864 | Shoals:4 | Reached skill level 3 in Necromancy
 32873 | Shoals:4 | Noticed Polyphemus
 32891 | Shoals:4 | Killed Polyphemus
 32891 | Shoals:4 | Received a gift from Okawaru
 32918 | Shoals:4 | Got a blackened bardiche {god gift}
 32931 | Shoals:4 | Found Weutikluat's Antique Weapon Emporium.
 32965 | Shoals:4 | Reached skill level 4 in Hexes
 32987 | Shoals:4 | Reached skill level 5 in Charms
 33003 | Shoals:4 | Reached skill level 6 in Armour
 33036 | Shoals:4 | Got a barnacled rune of Zot
 33105 | Shoals:4 | Found Cifeuf Jepn's Antique Weapon Boutique.
 33153 | Shoals:4 | Got a smoking robe
 33228 | Shoals:4 | HP: 29/170 [alligator snapping turtle (30)]
 33230 | Shoals:4 | HP: 9/170 [merfolk javelineer/steel javelin (21)]
 33238 | Shoals:3 | HP: 13/170 [poisoned by a merfolk javelineer]
 33246 | Shoals:3 | HP: 17/170 [poisoned by a merfolk javelineer]
 33458 | Shoals:4 | Reached skill level 4 in Necromancy
 33471 | Shoals:4 | Received a gift from Okawaru
 33817 | Shoals:4 | Noticed Ilsuiw
 33874 | Shoals:4 | Reached skill level 6 in Charms
 33879 | Shoals:4 | Reached skill level 5 in Hexes
 33890 | Shoals:4 | Killed Ilsuiw
 34070 | Shoals:4 | Found Subagall's Assorted Antiques.
 34086 | Shoals:4 | Bought a potion of resistance for 280 gold pieces
 34086 | Shoals:4 | Bought a potion of haste for 280 gold pieces
 34086 | Shoals:4 | Bought a scroll of summoning for 266 gold pieces
 34114 | Shoals:4 | Got a transparent helmet
 34125 | Shoals:4 | Identified the +1 helmet "Onkik" {rElec MR+} (You found it on level 4 of the Shoals)
 34655 | Vaults:1 | Entered Level 1 of the Vaults
 34792 | Vaults:1 | Received a gift from Okawaru
 34792 | Vaults:1 | Reached skill level 5 in Necromancy
 34794 | Vaults:1 | Reached skill level 7 in Charms
 34861 | Vaults:1 | Reached skill level 6 in Hexes
 35152 | Vaults:1 | Found Sekadeg's Gadget Emporium.
 35351 | Vaults:1 | Reached skill level 7 in Armour
 35351 | Vaults:1 | Reached XP level 20. HP: 174/178 MP: 32/32
 35354 | Vaults:1 | Identified a scroll of acquirement
 35355 | Vaults:1 | Identified the +10 bardiche of the Eternal Warrior {distort, Dex+3} (Okawaru gifted it to you on level 4 of the Shoals)
 35739 | Vaults:1 | Received a gift from Okawaru
 35930 | Vaults:1 | Noticed Nikola
 35943 | Vaults:1 | Killed Nikola
 35943 | Vaults:1 | Reached skill level 8 in Charms
 36060 | Vaults:1 | Got a crude glaive {god gift}
 36097 | Vaults:2 | Noticed a Tzitzimitl
 36205 | Vaults:2 | Reached skill level 9 in Spellcasting
 36205 | Vaults:2 | Reached skill level 6 in Necromancy
 36311 | Vaults:2 | Reached skill level 7 in Hexes
 36313 | Vaults:2 | Received a gift from Okawaru
 36356 | Vaults:2 | Found Xicuuden's Food Emporium.
 36436 | Vaults:2 | Found a staircase to the Crypt.
 36436 | Vaults:2 | Found an ancient bone altar of Kikubaaqudgha.
 36437 | Vaults:2 | Found a basalt altar of Yredelemnul.
 36820 | Vaults:2 | Reached skill level 9 in Charms
 37374 | Vaults:3 | HP: 28/178 [deep troll shaman[an ironheart preserver] (22)]
 37380 | Vaults:3 | Reached skill level 8 in Hexes
 37380 | Vaults:3 | HP: 37/178 [deep troll[an ironheart preserver] (18)]
 37383 | Vaults:3 | HP: 9/178 [deep troll[an ironheart preserver] (26)]
 37383 | Vaults:3 | HP: 3/178 [deep troll[an ironheart preserver] (6)]
 37383 | Vaults:3 | Slain by a deep troll

Vault maps used:
D:1:      dpeg_arrival_chambers_temple_mockup
D:2:      old_standard_altar, minmay_tetromino_s4
D:3:      led_sif_pool, first_bread, minmay_misc_feat_four_crosses,
          uniq_sigmund, uniq_robin, uniq_grinder
D:4:      kennysheep_okawaru_gauntlet, nicolae_overflow_crystal_walls,
          sigmund_army
D:5:      gup_sewer_entry_bowl, corexii_hall_statues_i, elyvilon_altar_3,
          uniq_prince_ribbit1, uniq_crazy_yiuf_cottage
D:6:      kennysheep_mini_moat, minmay_temple_entry_glass, uniq_pikel
D:7:      grunt_temple_overflow_order_and_chaos_2, doesnt_xom_only_xom,
          basic_altar, grunt_livestock, lemuel_oklob_altar
D:8:      marbit_many_paths, old_standard_altar, serial_glass, glass_columns_a,
          glass_columns_a, glass_columns_a, feat_on_display, feat_on_display,
          item_on_display_a, feat_on_display, serial_shops,
          kennysheep_little_box, dk_noncrumbling_2, nicolae_ru_path_of_blood,
          uniq_maurice
D:9:      overflow_temple_1_default, erik_lair_orcish_takeover, special_room,
          minmay_guarded_unrand_variability, uniq_grum
D:10:     serial_shops, shop
D:11:     nicolae_elemental_shop
D:12:     zombieorc2_lemuel, basic_altar, uniq_azrael
D:13:     lightli_vaults_fourway_checkpoint, uniq_rupert, uniq_urug, uniq_kirke
D:14:     basic_altar, lemuel_statue_altar, serial_shops, nicolae_shop_stone,
          nicolae_shop_waterfront, st_stairs_7, grunt_ministairs_3, uniq_snorg,
          uniq_frances
D:15:     gammafunk_depths_entry_grave, lab_entry_generic
Lair:1:   kennysheep_snail_temple, minmay_lair_oklob_chamber
Lair:2:   dragon1_lemuel, guppyfry_snake_entry_island, basic_altar
Lair:3:   serial_bayou_shore_b
Lair:4:   minmay_shoals_entry_beasts, portal_ice_cave_entry_imps
Lair:5:   st_stairs_12
Lair:6:   due_jungle_book, slime_dummy, st_stairs_7, cheibrodos_lair_lostbears
Shoals:1: serial_shops, shop_statue, nicolae_shoals_water_shrine
Shoals:2: nicolae_shoals_seven_spires
Shoals:3: serial_shops, nicolae_shop_statue_plus, uniq_mara
Shoals:4: shoals_end_simple, shoal_ilsuiw, serial_shops, shop, shop, shop, shop,
          uniq_polyphemus
Snake:1:  nicolae_snake_shapes
Snake:2:  nicolae_snake_serpentine_hallways
Snake:3:  serial_bayou_pond_d
Snake:4:  johnstein_snake_rune_scales, nicolae_snake_squiggles,
          serial_bayou_shore_b
Orc:1:    minmay_goldmine, serial_shops, shop
Orc:2:    st_orc_mages
Vaults:1: nicolae_vaults_little_squares_4, ontoclasm_vaults_gallery,
          ontoclasm_vaults_bender, nicolae_vaults_little_squares_3,
          vaults_dpeg_diagonal, ontoclasm_vaults_chip, ontoclasm_vaults_gateway,
          nicolae_vaults_rhombus_6, dpeg_vaults_monster_box, serial_shops, shop,
          uniq_nikola
Vaults:2: ontoclasm_vaults_ring_small, minmay_crypt_entry_necro_gods,
          nicolae_vaults_little_squares_1, vaults_mumra_chevron_long,
          hangedman_vaults_hat, ontoclasm_vaults_claustrophobia,
          nicolae_vaults_asterisk, hangedman_vaults_restitches,
          nicolae_vaults_specimen_jars, nicolae_vaults_diagonal_hallway_6,
          serial_shops, nicolae_shop_temple_entry_statues_fountains
Vaults:3: v_misc_18, vaults_dpeg_hooks, grunt_vaults_trifunnel, stair_cage_open,
          v_misc_12, hangedman_vaults_corner, ontoclasm_vaults_shuriken,
          v_pattern_1, ontoclasm_vaults_twist, nicolae_vaults_little_squares_6,
          vaults_room_corners, vaults_room_hallway, serial_shops, shop
Sewer:    sewer_co_purgy_island
IceCv:    ice_cave_caverns_03

Skill      XL: |  1  2  3  4  5  6  7  8  9 10 11 12 13 14 15 16 17 18 19 20 |
---------------+-------------------------------------------------------------+-----
Polearms       | 5 6 8 9 11 12 15 18 21 23 | 23.5
Invocations    | 6 9 |  9.5
Fighting       | 6 9 11 12 13 15 | 15.3
Dodging        | 8 11 13 14 19 22 | 22.1
Armour         | 4 5 7 |  7.8
Evocations     | 4 7 |  7.7
Spellcasting   | 3 8 9 |  9.5
Hexes          | 2 6 8 |  8.0
Charms         | 3 7 9 |  9.3
Necromancy     | 1 5 6 |  6.8
Throwing       | |  2.0

Action                   |  1- 3 |  4- 6 |  7- 9 | 10-12 | 13-15 | 16-18 | 19-21 || total
-------------------------+-------+-------+-------+-------+-------+-------+-------++-------
Melee: Trident           |   105 |   226 |   242 |     9 |    77 |       |       ||   659
       Scythe            |       |    21 |       |       |       |       |       ||    21
       Halberd           |       |       |   192 |   227 |       |       |       ||   419
       Tailslap          |       |       |     4 |     1 |       |       |       ||     5
       Punch             |       |       |     1 |       |       |       |       ||     1
       Lajatang          |       |       |    15 |       |       |       |       ||    15
       Bardiche          |       |       |       |   410 |  1021 |  1760 |   893 ||  4084
Throw: Tomahawk          |       |       |       |     3 |       |       |       ||     3
       Javelin           |       |       |       |       |       |     1 |       ||     1
 Cast: Spectral Weapon   |       |       |       |       |       |       |     7 ||     7
       Regeneration      |       |       |       |       |       |       |     1 ||     1
Invok: Renounce Religion |       |     1 |       |       |       |       |       ||     1
       Heroism           |       |     1 |     7 |     8 |    13 |    18 |    11 ||    58
       Finesse           |       |       |     1 |     2 |    10 |    10 |     5 ||    28
Evoke: Lightning rod     |       |       |       |       |     4 |     8 |     8 ||    20
       Wand              |       |       |       |       |     1 |     4 |     1 ||     6
       Phial of floods   |       |       |       |       |       |       |     1 ||     1
  Use: Scroll            |       |     5 |     4 |    17 |    14 |    17 |     8 ||    65
       Potion            |       |     1 |     2 |       |       |     3 |     3 ||     9
 Stab: Sleeping          |     1 |     5 |     3 |     1 |       |       |       ||    10
       Distracted        |       |       |       |       |       |     2 |     2 ||     4
  Eat: Chunk             |       |     6 |    13 |    19 |    22 |    18 |    10 ||    88
       Bread ration      |       |       |       |     1 |       |       |       ||     1
       Fruit             |       |       |       |       |     5 |     9 |       ||    14
       Meat ration       |       |       |       |       |       |     2 |       ||     2
       Royal jelly       |       |       |       |       |       |     2 |     4 ||     6
Armor: Leather armour    |    43 |    35 |    26 |       |       |       |       ||   104
       Troll leather arm |       |       |    29 |    82 |    24 |       |       ||   135
       Skin              |       |       |     4 |       |       |       |       ||     4
       Chain mail        |       |       |       |       |   273 |   407 |   204 ||   884
Dodge: Dodged            |   124 |   135 |   237 |   286 |   758 |  1520 |  1101 ||  4161

Vault maps used:
D:1:      dpeg_arrival_chambers_temple_mockup
D:2:      old_standard_altar, minmay_tetromino_s4
D:3:      led_sif_pool, first_bread, minmay_misc_feat_four_crosses,
          uniq_sigmund, uniq_robin, uniq_grinder
D:4:      kennysheep_okawaru_gauntlet, nicolae_overflow_crystal_walls,
          sigmund_army
D:5:      gup_sewer_entry_bowl, corexii_hall_statues_i, elyvilon_altar_3,
          uniq_prince_ribbit1, uniq_crazy_yiuf_cottage
D:6:      kennysheep_mini_moat, minmay_temple_entry_glass, uniq_pikel
D:7:      grunt_temple_overflow_order_and_chaos_2, doesnt_xom_only_xom,
          basic_altar, grunt_livestock, lemuel_oklob_altar
D:8:      marbit_many_paths, old_standard_altar, serial_glass, glass_columns_a,
          glass_columns_a, glass_columns_a, feat_on_display, feat_on_display,
          item_on_display_a, feat_on_display, serial_shops,
          kennysheep_little_box, dk_noncrumbling_2, nicolae_ru_path_of_blood,
          uniq_maurice
D:9:      overflow_temple_1_default, erik_lair_orcish_takeover, special_room,
          minmay_guarded_unrand_variability, uniq_grum
D:10:     serial_shops, shop
D:11:     nicolae_elemental_shop
D:12:     zombieorc2_lemuel, basic_altar, uniq_azrael
D:13:     lightli_vaults_fourway_checkpoint, uniq_rupert, uniq_urug, uniq_kirke
D:14:     basic_altar, lemuel_statue_altar, serial_shops, nicolae_shop_stone,
          nicolae_shop_waterfront, st_stairs_7, grunt_ministairs_3, uniq_snorg,
          uniq_frances
D:15:     gammafunk_depths_entry_grave, lab_entry_generic
Lair:1:   kennysheep_snail_temple, minmay_lair_oklob_chamber
Lair:2:   dragon1_lemuel, guppyfry_snake_entry_island, basic_altar
Lair:3:   serial_bayou_shore_b
Lair:4:   minmay_shoals_entry_beasts, portal_ice_cave_entry_imps
Lair:5:   st_stairs_12
Lair:6:   due_jungle_book, slime_dummy, st_stairs_7, cheibrodos_lair_lostbears
Shoals:1: serial_shops, shop_statue, nicolae_shoals_water_shrine
Shoals:2: nicolae_shoals_seven_spires
Shoals:3: serial_shops, nicolae_shop_statue_plus, uniq_mara
Shoals:4: shoals_end_simple, shoal_ilsuiw, serial_shops, shop, shop, shop, shop,
          uniq_polyphemus
Snake:1:  nicolae_snake_shapes
Snake:2:  nicolae_snake_serpentine_hallways
Snake:3:  serial_bayou_pond_d
Snake:4:  johnstein_snake_rune_scales, nicolae_snake_squiggles,
          serial_bayou_shore_b
Orc:1:    minmay_goldmine, serial_shops, shop
Orc:2:    st_orc_mages
Vaults:1: nicolae_vaults_little_squares_4, ontoclasm_vaults_gallery,
          ontoclasm_vaults_bender, nicolae_vaults_little_squares_3,
          vaults_dpeg_diagonal, ontoclasm_vaults_chip, ontoclasm_vaults_gateway,
          nicolae_vaults_rhombus_6, dpeg_vaults_monster_box, serial_shops, shop,
          uniq_nikola
Vaults:2: ontoclasm_vaults_ring_small, minmay_crypt_entry_necro_gods,
          nicolae_vaults_little_squares_1, vaults_mumra_chevron_long,
          hangedman_vaults_hat, ontoclasm_vaults_claustrophobia,
          nicolae_vaults_asterisk, hangedman_vaults_restitches,
          nicolae_vaults_specimen_jars, nicolae_vaults_diagonal_hallway_6,
          serial_shops, nicolae_shop_temple_entry_statues_fountains
Vaults:3: v_misc_18, vaults_dpeg_hooks, grunt_vaults_trifunnel, stair_cage_open,
          v_misc_12, hangedman_vaults_corner, ontoclasm_vaults_shuriken,
          v_pattern_1, ontoclasm_vaults_twist, nicolae_vaults_little_squares_6,
          vaults_room_corners, vaults_room_hallway, serial_shops, shop
Sewer:    sewer_co_purgy_island
IceCv:    ice_cave_caverns_03

Table legend:
 A = Turns spent in this place as a percentage of turns spent in the entire game.
 B = Non-inter-level travel turns spent in this place as a percentage of non-inter-level travel turns spent in the entire game.
 C = Inter-level travel turns spent in this place as a percentage of turns spent in this place.
 D = Turns resting spent in this place as a percentage of non-inter-level travel turns spent in this place.
 E = Turns spent auto-exploring this place as a percentage of non-inter-level travel turns spent in this place.
 F = Non-inter-level travel turns spent in this place divided by the number of levels of this place that you've seen.
                   A       B       C       D       E      F
               +-------+-------+-------+-------+-------+----------------------
         Total | 100.0 | 100.0 |   0.5 |   3.1 |   7.1 | 447.5
       Dungeon |  39.0 |  39.1 |   0.4 |   2.7 |   7.7 | 419.5
          Lair |  14.3 |  14.2 |   1.0 |   1.9 |   6.5 | 381.2
        Shoals |  16.1 |  16.1 |   0.3 |   2.3 |   5.5 | 649.5
     Snake Pit |  13.7 |  13.7 |   0.4 |   8.5 |   6.4 | 550.5
  Orcish Mines |   4.8 |   4.8 |   0.5 |   1.3 |  10.5 | 385.0
        Vaults |   8.4 |   8.4 |   0.4 |   1.0 |   8.6 | 453.0
         Sewer |   0.8 |   0.8 |   0.0 |   0.0 |   9.9 | 131.0
      Ice Cave |   2.9 |   2.9 |   0.0 |   1.3 |   2.8 | 470.0
               +-------+-------+-------+-------+-------+----------------------

Table legend:
 A = Kills in this place as a percentage of kills in entire the game.
 B = Kills by you in this place as a percentage of kills by you in the entire game.
 C = Kills by friends in this place as a percentage of kills by friends in the entire game.
 D = Other kills in this place as a percentage of other kills in the entire game.
 E = Experience gained in this place as a percentage of experience gained in the entire game.
 F = Experience gained in this place divided by the number of levels of this place that you have seen.
                   A       B       C       D       E      F
               +-------+-------+-------+-------+-------+----------------------
         Total | 100.0 | 100.0 | 100.0 | 100.0 | 100.0 | 13111.9
       Dungeon |  41.8 |  41.8 |   0.0 | 100.0 |  21.5 | 6758.6
          Lair |  11.4 |  11.4 |   0.0 |   0.0 |   9.3 | 7330.3
        Shoals |  13.2 |  13.1 | 100.0 |   0.0 |  24.4 | 28846.2
     Snake Pit |  12.6 |  12.6 |   0.0 |   0.0 |  20.6 | 24318.8
  Orcish Mines |   7.6 |   7.6 |   0.0 |   0.0 |   2.3 | 5498.0
        Vaults |   9.5 |   9.6 |   0.0 |   0.0 |  19.0 | 29916.0
         Sewer |   0.6 |   0.6 |   0.0 |   0.0 |   0.0 | 145.0
      Ice Cave |   3.3 |   3.3 |   0.0 |   0.0 |   2.8 | 13119.0
               +-------+-------+-------+-------+-------+----------------------
